 Dungeon Crawl Stone Soup version 0.28.0-43-g3370ac3207 (webtiles) character file.

Game seed: 1401407313460712412

14 jimonade the Twirler (level 2, 0/20 HPs)
             Began as a Gnoll Wanderer on Mar 13, 2022.
             Succumbed to an adder's poison
             ... on level 2 of the Dungeon.
             The game lasted 00:02:21 (903 turns).

jimonade the Twirler (Gnoll Wanderer)                Turns: 903, Time: 00:02:21

Health: 0/20       AC: 11    Str:  8    XL:     2   Next: 41%
Magic:  5/5        EV:  0    Int: 10    God:
Gold:   20         SH:  0    Dex: 15    Spells: 5/6 levels left

rFire   . . .      SeeInvis .   a - +2 quarterstaff
rCold   . . .      Faith    .   (shield currently unavailable)
rNeg    . . .      Spirit   .   h - +0 plate armour
rPois   .          Reflect  .   (no helmet)
rElec   .          Harm     .   (no cloak)
rCorr   .          Rampage  .   (no gloves)
Will    .....                   (no boots)
Stlth   ..........              (no amulet)
HPRegen 0.06/turn               (no ring)
MPRegen 0.09/turn               (no ring)

@: lethally poisoned (0 -> -7)
A: fangs 1, strong nose, distributed training
a: no special abilities


You were on level 2 of the Dungeon.
You visited 1 branch of the dungeon, and saw 2 of its levels.

You collected 20 gold pieces.

Inventory:

Hand Weapons
 a - a +2 quarterstaff (weapon)
Missiles
 c - 65 stones (quivered)
 g - 2 poisoned darts
 k - 18 bolts
Armour
 d - a +0 robe
 h - a +0 plate armour (worn)
 j - a +0 robe
Scrolls
 f - a scroll of summoning {unknown}
 i - a scroll of teleportation {unknown}
 l - a scroll of identify {unknown}
Potions
 e - a potion of curing {unknown}
Miscellaneous
 b - a piece from Xom's chessboard (15/15)


   Skills:
 + Level 0.4 Fighting
 + Level 0.4 Short Blades
 + Level 0.4 Long Blades
 + Level 0.4 Axes
 + Level 0.4 Maces & Flails
 + Level 0.4 Polearms
 + Level 6.5 Staves
 + Level 0.4 Slings
 + Level 0.4 Bows
 + Level 0.4 Crossbows
 + Level 0.4 Throwing
 + Level 2.5 Armour
 + Level 0.4 Dodging
 + Level 0.4 Stealth
 + Level 0.4 Shields
 + Level 0.4 Unarmed Combat
 + Level 2.7 Spellcasting
 + Level 0.2 Conjurations
 + Level 0.2 Hexes
 + Level 0.2 Summonings
 + Level 0.2 Necromancy
 + Level 0.2 Translocations
 + Level 0.2 Transmutations
 + Level 0.2 Fire Magic
 + Level 0.2 Ice Magic
 + Level 0.2 Air Magic
 + Level 3.7 Earth Magic
 + Level 0.2 Poison Magic
 + Level 2.5 Invocations
 + Level 4.5 Evocations


You had 5 spell levels left.
You knew the following spells:

 Your Spells              Type           Power      Damage    Failure   Level
a - Sandblast             Erth           16%        2d6       100%        1

Your spell library contained the following spells:

 Spells                   Type           Power      Damage    Failure   Level
 Stone Arrow              Conj/Erth      10%        3d7       100%        3


Dungeon Overview and Level Annotations

Branches:
Dungeon (2/15)

Altars:


Innate Abilities, Weirdness & Mutations

You have very sharp teeth.
Your uncanny sense of smell can sniff out nearby items.
Your experience applies equally to all skills.


Message History

The jackal bites you but does no damage.
The goblin hits you but does no damage. The hobgoblin hits you.
You climb upwards.
There is a stone staircase leading down here.
You sock the hobgoblin!
You kill the hobgoblin!
The jackal bites you. The goblin hits you but does no damage.
The jackal bites you but does no damage.
You sock the jackal!
You kill the jackal!
The goblin hits you but does no damage.
You sock the goblin!
You kill the goblin!
No target in view!
You start resting.
HP restored.
You climb downwards.
The adder bites you.
You are poisoned.
The adder poisons you! The adder bites you but does no damage.
There is a stone staircase leading up here.
You closely miss the adder.
You feel sick. The adder bites you but does no damage.
The hobgoblin hits you from afar with a +0 trident.
You are too injured to fight recklessly!
You are too injured to fight recklessly!
You are too injured to fight recklessly!
You are too injured to fight recklessly!
You completely miss the adder.
You feel sick. The adder bites you but does no damage.
The hobgoblin hits you but does no damage.
You completely miss the adder. The adder bites you.
* * * LOW HITPOINT WARNING * * *
You are lethally poisoned!
The adder poisons you!
The hobgoblin hits you from afar with a +0 trident.
* * * LOW HITPOINT WARNING * * *
The adder bites you but does no damage.
You hit the adder.
The adder is moderately wounded.
You die...

#.#####.# #
#>......... #......
.. ###.##.##.#
#.........####
###.##.##..... ∆
#..........#
##.###.#.##.##....
#....S@........g#.
.........g..........
##..###.............
#. #.##.#.#.....# #
#.##.#.#......
..............
#............# #.#
..


You could see an adder and a hobgoblin.

Vanquished Creatures
  2 giant cockroaches (D:1)
  2 goblins (D:1)
  A hobgoblin (D:1)
  2 jackals (D:1)
  A bat (D:1)
  A frilled lizard (D:1)
  A kobold (D:1)
  3 rats (D:1)
13 creatures vanquished.

Notes
Turn   | Place    | Note
-------+----------+-------------------------------------------
     0 | D:1      | jimonade the Gnoll Wanderer began the quest for the Orb.
     0 | D:1      | jimonade set off with the following items: a +2
                  | quarterstaff, a piece from Xom's chessboard (15/15), 36
                  | stones, a +0 robe; and the following spell memorised:
                  | Sandblast; and the following spells available to memorise:
                  | Stone Arrow
     0 | D:1      | Reached XP level 1. HP: 13/13 MP: 4/4
   101 | D:1      | Found a faded altar of an unknown god.
   555 | D:1      | Reached XP level 2. HP: 19/19 MP: 5/5
   903 | D:2      | Succumbed to an adder's poison

Illustrated notes

Levels and vault maps discovered:
D:1:      psy_arrival_dodecagon, layout_loops_ring,
          hellmonk_ecumenical_altar_pennies_from_heaven, skrybe_limestone_x
D:2:      layout_basic, serial_shops, nicolae_diamond_shop

Action                   || total
-------------------------++-------
Melee: Quarterstaff      ||    30
       Bite              ||     4
 Cast: Sandblast         ||     1
Armor: Plate armour      ||    29
       Robe              ||     2
Dodge: Dodged            ||     4
